 Dungeon Crawl Stone Soup version 0.30-a0-1082-g70414cbcbb (webtiles) character file.

Game seed: 6450082300564952933

21786 zazu2006 the Covert (level 12, 0/97 (104) HPs)
             Began as a Naga Hedge Wizard on Apr 14, 2023.
             Was a Priest of Vehumet.
             Slain by a skyshark (25 damage)
             ... on level 2 of the Lair of Beasts on Apr 15, 2023.
             The game lasted 00:47:07 (15286 turns).

zazu2006 the Covert (Naga Hedge Wizard)            Turns: 15286, Time: 00:47:08

HP:   0/97 (104)    AC: 10    Str: 12    XL:     12   Next: 93%
MP:   19/23         EV: 11    Int: 21    God:    Vehumet [***...]
Gold: 695           SH:  0    Dex: 12    Spells: 13/26 levels left

rFire   . . .      SeeInvis +    C - +7 whip "Gaceqymo" {flame, +Blink Will++ Str-2 Int+4}
rCold   + . .      Faith    .    (no shield)
rNeg    . . .      Spirit   .    l - +0 leather armour
rPois   +          Reflect  .    x - +1 helmet
rElec   .          Rampage  .    k - +1 cloak
rCorr   .                        S - +0 pair of gloves
Will    +++..                    (no barding)
Stlth   +++++                    (no amulet)
HPRegen 0.36/turn                n - ring of flight
MPRegen 0.18/turn                a - ring of protection from cold

@: about to teleport, flying, drained, very slow
A: AC +4, large, see invisible, deformed body, poison resistance, slowness 2,
spit poison 1, naga tail 1
a: Spit Poison, Renounce Religion, Evoke Blink


You were on level 2 of the Lair of Beasts.
You worshipped Vehumet.
Vehumet was most pleased with you.
You visited 3 branches of the dungeon, and saw 13 of its levels.
You also visited: Bailey.

You collected 734 gold pieces.
You spent 39 gold pieces at shops.

Inventory:

Hand Weapons
 r - a +0 long sword
 C - the +7 whip "Gaceqymo" (weapon) {flame, +Blink Will++ Str-2 Int+4}
   (You found it on level 6 of the Dungeon)

   Str:       It affects your strength (-2).
   Int:       It affects your intelligence (+4).
   +Blink:    It lets you blink.
   Will:      It greatly increases your willpower.
 I - a +9 flail
 Q - a +0 scimitar of flaming
Missiles
 H - a throwing net
Armour
 b - a +0 robe
 k - a +1 cloak (worn)
 l - a +0 leather armour (worn)
 x - a +1 helmet (worn)
 S - a +0 pair of gloves (worn)
Jewellery
 a - a ring of protection from cold (right hand)
 j - an amulet of faith
 n - a ring of flight (left hand)
 M - the ring "Amiriupn" {Fly rPois rCorr Str+4 Int-2}
   (You found it on level 9 of the Dungeon)

   [ring of poison resistance]

   Str:       It affects your strength (+4).
   Int:       It affects your intelligence (-2).
   rPois:     It protects you from poison.
   Fly:       It grants you flight.
   rCorr:     It protects you from acid and corrosion.
 N - a +4 ring of protection
 P - a +5 ring of evasion
Wands
 w - a wand of flame (2)
 D - a wand of roots (14)
 F - a wand of paralysis (11)
 U - a wand of polymorph (7)
Scrolls
 c - 3 scrolls of summoning {unknown}
 f - 9 scrolls of identify
 h - 4 scrolls of noise
 i - 5 scrolls of magic mapping
 o - 3 scrolls of teleportation
 p - a scroll of acquirement {unknown}
 q - a scroll of enchant armour {unknown}
 t - 2 scrolls of fear {unknown}
 u - 3 scrolls of fog {unknown}
 y - 2 scrolls of amnesia {unknown}
 z - a scroll of silence {unknown}
 B - 3 scrolls of blinking {unknown}
 G - a scroll of enchant weapon {unknown}
 K - a scroll of brand weapon {unknown}
 O - a scroll of immolation {unknown}
Potions
 d - a potion of magic
 e - 8 potions of brilliance
 g - 7 potions of curing
 m - 5 potions of mutation {unknown}
 s - 2 potions of flight {unknown}
 v - 3 potions of lignification {unknown}
 A - 2 potions of haste
 E - a potion of attraction {unknown}
 J - a potion of cancellation {unknown}
 L - a potion of degeneration {unknown}
 R - a potion of heal wounds
Miscellaneous
 T - a piece from Xom's chessboard (15/15)


   Skills:
 + Level 5.6 Fighting
 + Level 3.1 Long Blades
 + Level 7.6 Maces & Flails
 + Level 1.1 Armour
 + Level 5.8 Dodging
 + Level 14.8 Stealth
 + Level 7.7 Spellcasting
 + Level 6.6 Conjurations
 + Level 1.0 Summonings
 + Level 1.5 Translocations
 + Level 6.9 Fire Magic
 + Level 4.2 Air Magic
 + Level 7.2 Poison Magic
 + Level 2.4 Evocations


You had 13 spell levels left.
You knew the following spells:

 Your Spells              Type           Power      Damage    Failure   Level
a - Magic Dart            Conj           100%       1d8       1%          1
b - Mephitic Cloud        Conj/Pois/Air  33%        N/A       1%          3
c - Cigotuvi's Dreadful   Necr/Pois/Air  48%        N/A       3%          2
d - Blink                 Tloc           28%        N/A       9%          2
e - Fireball              Conj/Fire      18%        3d9       5%          5

Your spell library contained the following spells:

 Spells                   Type           Power      Damage    Failure   Level
 Dazzling Flash           Conj/Hex       44%        N/A       2%          3
 Foxfire                  Conj/Fire      100%       2x1d9     1%          1
 Momentum Strike          Conj/Tloc      50%        3d9       1%          2
 Searing Ray              Conj           72%        2d7       1%          2
 Flame Wave               Conj/Fire      36%        2d10      1%          4
 Sticky Flame             Conj/Fire      36%        2d6       1%          4
 Hailstorm                Conj/Ice       22%        3d7       2%          3
 Inner Flame              Hex/Fire       22%        N/A       2%          3
 Freeze                   Ice            32%        1d5       3%          1
 Spider Form              Tmut/Pois      23%        N/A       7%          3
 Fulminant Prism          Conj/Hex       11%        3d9       7%          4
 Lesser Beckoning         Tloc           28%        N/A       9%          2
 Frozen Ramparts          Ice            16%        1d3       9%          3
 Beastly Appendage        Tmut           16%        N/A       11%         1
 Slow                     Hex            32%        N/A       11%         1
 Call Imp                 Summ           24%        N/A       11%         2
 Wereblood                Tmut           8%         N/A       16%         2
 Gell's Gravitas          Tloc           14%        N/A       17%         3
 Teleport Other           Tloc           14%        N/A       17%         3
 Starburst                Conj/Fire      18%        6d7       24%         6
 Plasma Beam              Fire/Air       15%        2x1d29    36%         6
 Eringya's Noxious Bog    Tmut/Pois      11%        N/A       63%         6
 Anguish                  Hex/Necr       4%         N/A       71%         4
 Cause Fear               Hex            4%         N/A       71%         4
 Summon Forest            Summ/Tloc      6%         N/A       86%         5
 Enfeeble                 Hex            4%         N/A       100%        7
 Summon Hydra             Summ           6%         N/A       100%        7


Dungeon Overview and Level Annotations

Branches:
Dungeon (10/15)            Temple (1/1) D:5            Lair (2/5) D:9
  Swamp (0/4) Lair:2       Bailey (visited)
  Snake: Lair:2-3    Spider: Lair:2-3       Orc: D:9-12

Altars:
Ashenzari
Cheibriados
Dithmenos
Elyvilon
Fedhas
Gozag
Hepliaklqana
Kikubaaqudgha
Makhleb
Nemelex Xobeh
Okawaru
Qazlal
Ru
Sif Muna
Trog
Uskayaw
Vehumet
Wu Jian
Xom
Yredelemnul
Zin
The Shining One

Shops:
D:2 !

Annotations:
D:6 exclusion: oklob plant
D:8 1 runed translucent door, AstroCodex24's ghost, novice DgFi


Innate Abilities, Weirdness & Mutations

Your serpentine skin is tough. (AC +4)
You have supernaturally acute eyesight. (SInv)
Armour fits poorly on your strangely shaped body.
Your system is resistant to poisons. (rPois)
You cover ground very slowly.
You can spit poison.
You have a snake-like lower body.


Message History

* * * LOW HITPOINT WARNING * * *
The skyshark tail-slaps you but does no damage.
The skyshark barely misses you.
Casting: Mephitic Cloud (safe; 1% risk of failure)
Confirm with . or Enter, or press ? or * to list all spells.
You blink.
You have got your breath back.
The skyshark looks more healthy.
Casting: Blink (safe; 9% risk of failure)
Confirm with . or Enter, or press ? or * to list all spells.
Aiming: Mephitic Cloud (safe; 1% risk of failure)
Press: ? - help, Shift-Dir - straight line, f/p - skyshark
Aim: a skyshark (heavily wounded, berserk, confused, chance to affect: 53%)
The ball explodes into a vile cloud!
The stinking cloud engulfs the skyshark but does no damage.
The skyshark is heavily wounded.
The stinking cloud engulfs the plant but does no damage.
The skyshark is engulfed in noxious fumes.
The skyshark appears confused.
The skyshark is engulfed in noxious fumes.
The skyshark appears confused.
The skyshark bites the plant.
The plant begins to die.
The skyshark tail-slaps the plant.
The skyshark tail-slaps the plant!
The skyshark bites itself but does no damage.
The skyshark barely misses itself.
The skyshark completely misses itself.
The skyshark is engulfed in noxious fumes.
The skyshark is engulfed in noxious fumes.
The skyshark appears confused.
You feel stable enough to blink again.
The skyshark is engulfed in noxious fumes.
The skyshark appears confused.
The skyshark bites the plant!
The skyshark tail-slaps the plant. x2
The skyshark is engulfed in noxious fumes.
The skyshark bites you.
* * * LOW HITPOINT WARNING * * *
The skyshark tail-slaps you but does no damage.
The skyshark closely misses you.
As you read the scroll of teleportation, it crumbles to dust.
You feel strangely unstable. The skyshark bites you!!
You die...

#...# #....# #...#### #....#
##.....# ##...###
#.....###########......##
#......#.......l.......P#
##...[......##...P###..##
##.........P##...## #..#
#.....P...l..#.P.# ##.#
##.........@..##### #.#
##....#......## #.##.##
#..#.###....## ###....# ##.###
###..######......## ####[##
#...............### #.##..###
#....########..#.##
##.#..÷†######....## #.#....#
####....#÷...≈#.....### ##.....#
#.......#....≈#.....#.#####....#


You could see a skyshark (berserk, confused).

Vanquished Creatures
  Fannar (Lair:1)
  2 vault guards (Bailey)
  2 hydras (D:9)
  Erica (Lair:1)
  A centaur warrior (D:9)
  A two-headed ogre (D:8)
  Amaemon (Lair:2)
  Sonja (D:10)
  2 black mambas
  An orange demon (Lair:2)
  Maggie (D:8)
  4 cane toads (Lair:2)
  A komodo dragon (Lair:1)
  A polar bear (D:9)
  Prince Ribbit (Bailey)
  7 blink frogs
  A shadow (D:8)
  19 yaks
  5 wyverns
  A steam dragon (Lair:2)
  3 humans (Bailey)
  3 basilisks (Lair:2)
  Grum (D:10)
  3 wargs (D:9)
  Menkaure (D:4)
  An acid dragon (D:9)
  4 water moccasins
  2 orc warriors
  An ice beast (D:5)
  A sky beast (D:8)
  2 ogres (D:5)
  8 wolves
  5 centaurs
  A kobold brigand (D:9)
  27 bullfrogs
  2 gnoll sergeants
  A scorpion (D:5)
  6 wights
  12 killer bees
  3 howler monkeys
  5 hounds
  7 jellies (D:6)
  5 orc priests
  Ijyb (D:3)
  3 iguanas
  10 orc wizards
  A sleepcap (D:8)
  A hound zombie (D:3)
  11 adders
  8 gnolls
  5 white imps
  An adder zombie (D:3)
  3 worms
  2 dart slugs
  44 orcs
  10 ball pythons
  2 bats
  18 endoplasms
  A giant cockroach (D:1)
  9 goblins
  8 hobgoblins
  3 jackals
  23 kobolds
  4 quokkas
  A ball python zombie (D:3)
  3 frilled lizards
  8 rats
338 creatures vanquished.

Vanquished Creatures (collateral kills)
  A gnoll (D:9)
1 creature vanquished.

Vanquished Creatures (others)
  A sky beast (D:7)
  An orc (D:8)
  A quokka (D:7)
  A bush (Lair:2)
  14 fungi
  7 plants (Lair:2)
25 creatures vanquished.

Grand Total: 364 creatures vanquished

Notes
Turn   | Place    | Note
-------+----------+-------------------------------------------
     0 | D:1      | zazu2006 the Naga Hedge Wizard began the quest for the Orb.
     0 | D:1      | Reached XP level 1. HP: 15/15 MP: 4/4
   137 | D:1      | Reached XP level 2. HP: 22/22 MP: 0/6
   791 | D:1      | Reached XP level 3. HP: 28/28 MP: 2/8
   795 | D:1      | Learned a level 3 spell: Mephitic Cloud
   798 | D:1      | Learned a level 2 spell: Cigotuvi's Dreadful Rot
   801 | D:1      | Learned a level 2 spell: Blink
   874 | D:1      | Found a faded altar of an unknown god.
  1098 | D:2      | Found Nekhoteqat's Distillery.
  1428 | D:2      | Bought a potion of curing for 39 gold pieces
  1457 | D:2      | Reached XP level 4. HP: 36/36 MP: 6/10
  1751 | D:2      | Found a stormy altar of Qazlal.
  2145 | D:3      | Noticed Ijyb
  2456 | D:3      | Reached skill level 1 in Poison Magic
  2456 | D:3      | Reached XP level 5. HP: 36/42 MP: 4/11
  2990 | D:3      | Found a glowing silver altar of Zin.
  3035 | D:3      | Killed Ijyb
  3318 | D:3      | Found a basalt altar of Yredelemnul.
  3344 | D:3      | Reached XP level 6. HP: 43/50 MP: 11/13
  3832 | D:4      | Noticed Menkaure
  3839 | D:4      | Killed Menkaure
  3840 | D:4      | Reached skill level 4 in Stealth
  4045 | D:4      | Reached skill level 1 in Evocations
  4081 | D:4      | Reached skill level 1 in Long Blades
  4081 | D:4      | Reached skill level 5 in Spellcasting
  4081 | D:4      | Reached XP level 7. HP: 56/56 MP: 11/14
  4550 | D:5      | Entered Level 5 of the Dungeon
  4579 | D:5      | Reached skill level 1 in Fighting
  4891 | D:4      | Reached XP level 8. HP: 27/64 MP: 1/16
  5318 | D:5      | Found a stormy altar of Qazlal.
  5402 | D:5      | Found a burning altar of Makhleb.
  5481 | D:5      | Found a staircase to the Ecumenical Temple.
  5497 | Temple   | Entered the Ecumenical Temple
  5638 | D:6      | Identified the +7 whip "Gaceqymo" {flame, +Blink Will++
                  | Str-2 Int+4}
  6449 | D:6      | Noticed an oklob plant
  6467 | D:6      | Reached skill level 5 in Poison Magic
  6479 | D:6      | Reached skill level 1 in Maces & Flails
  6479 | D:6      | Reached skill level 1 in Air Magic
  6594 | D:7      | Found a bloodstained altar of Trog.
  6751 | D:7      | Noticed a wyvern
  6767 | D:7      | Killed a wyvern
  6768 | D:7      | Reached XP level 9. HP: 36/73 MP: 7/18
  6947 | D:7      | Reached skill level 5 in Stealth
  7008 | D:7      | Found an opulent altar of Gozag.
  7099 | D:7      | Found a faded altar of an unknown god.
  7099 | D:7      | Found a hazy altar of Hepliaklqana.
  7390 | D:7      | Found a white marble altar of Elyvilon.
  7709 | D:8      | Noticed Maggie
  7710 | D:8      | Found an iron altar of Okawaru.
  7713 | D:8      | Found a radiant altar of Vehumet.
  7737 | D:8      | Killed Maggie
  7738 | D:8      | Reached skill level 6 in Stealth
  7738 | D:8      | Reached skill level 5 in Conjurations
  7858 | D:8      | Became a worshipper of Vehumet
  7879 | D:8      | Found a runed translucent door.
  7884 | D:8      | Noticed AstroCodex24's ghost (novice DgFi)
  8124 | D:8      | Reached skill level 7 in Stealth
  8127 | D:8      | Reached skill level 1 in Fire Magic
  8136 | D:8      | Found a sacrificial altar of Ru.
  8141 | D:8      | Reached skill level 8 in Stealth
  8225 | D:8      | Noticed a two-headed ogre
  8236 | D:8      | Reached XP level 10. HP: 53/82 MP: 8/19
  8239 | D:8      | Killed a two-headed ogre
  8240 | D:8      | Reached skill level 9 in Stealth
  8500 | D:8      | Reached * piety under Vehumet
  8500 | D:8      | Offered knowledge of Kiss of Death by Vehumet.
  9047 | D:9      | Noticed a boulder beetle
  9048 | D:9      | Noticed a centaur warrior
  9257 | D:9      | Found a staircase to the Lair.
 10053 | D:9      | Killed a centaur warrior
 10054 | D:9      | Reached skill level 5 in Maces & Flails
 10337 | D:9      | Reached XP level 11. HP: 92/92 MP: 21/21
 10367 | D:9      | Reached skill level 10 in Stealth
 10391 | D:9      | Reached skill level 5 in Dodging
 10398 | D:9      | Reached ** piety under Vehumet
 10398 | D:9      | Offered knowledge of Poisonous Vapours by Vehumet.
 10831 | D:9      | Noticed a four-headed hydra
 10843 | D:9      | Killed a four-headed hydra
 11059 | D:9      | Noticed a six-headed hydra
 11072 | D:9      | Killed a six-headed hydra
 11383 | D:9      | Identified the ring "Amiriupn" {Fly rPois rCorr Str+4
                  | Int-2}
 11548 | D:10     | Entered Level 10 of the Dungeon
 11569 | D:10     | Found a flagged portal.
 11578 | Bailey   | Entered a bailey
 11620 | Bailey   | Reached skill level 11 in Stealth
 11636 | Bailey   | Offered knowledge of Volatile Blastmotes by Vehumet.
 11637 | Bailey   | Reached skill level 5 in Fire Magic
 11996 | Bailey   | Noticed a vault guard
 12015 | Bailey   | Noticed Prince Ribbit
 12017 | Bailey   | Noticed a vault guard
 12029 | Bailey   | Killed a vault guard
 12123 | Bailey   | Killed Prince Ribbit
 12160 | Bailey   | Killed a vault guard
 12410 | D:10     | Noticed Sonja
 12422 | D:10     | Killed Sonja
 12422 | D:10     | Reached *** piety under Vehumet
 12458 | D:10     | Noticed Grum
 12479 | D:10     | Killed Grum
 12528 | D:10     | Found an ancient bone altar of Kikubaaqudgha.
 12651 | Lair:1   | Entered Level 1 of the Lair of Beasts
 12741 | Lair:1   | Reached XP level 12. HP: 90/100 MP: 20/23
 12762 | Lair:1   | Reached skill level 12 in Stealth
 12769 | Lair:1   | Learned a level 5 spell: Fireball
 12974 | Lair:1   | Noticed Fannar
 13138 | Lair:1   | Killed Fannar
 13183 | Lair:1   | Noticed Erica
 13195 | Lair:1   | Killed Erica
 13373 | Lair:1   | Reached skill level 5 in Fighting
 14467 | Lair:2   | Reached skill level 13 in Stealth
 14476 | Lair:2   | Offered knowledge of Dazzling Flash by Vehumet.
 14477 | Lair:2   | Upgraded the game from 0.30-a0-1075-gcd70e7a56d to
                  | 0.30-a0-1082-g70414cbcbb
 14628 | Lair:2   | Noticed Amaemon
 14665 | Lair:2   | Reached skill level 14 in Stealth
 14671 | Lair:2   | Killed Amaemon
 14672 | Lair:2   | Reached skill level 1 in Armour
 15262 | Lair:2   | Noticed a skyshark
 15269 | Lair:2   | Found a staircase to the Swamp.
 15286 | Lair:2   | Slain by a skyshark

Illustrated notes

Levels and vault maps discovered:
D:1:      minmay_arrival_up_and_down, layout_rooms,
          dreamdust_ecumenical_altar_angels_and_demons, minmay_misc_feat_tiny
D:2:      layout_basic, basic_altar, serial_shops, nicolae_shop_waterfront,
          dk_noncrumbling_4
D:3:      layout_basic, nicolae_yredelemnul_corpse_copse, marbit_many_paths,
          minmay_fractal_squares_5, uniq_ijyb
D:4:      layout_rooms, kennysheep_generic_room_4, uniq_menkaure
D:5:      layout_cave_pools, lemuel_doored_altar,
          nicolae_qazlal_eye_of_the_storm, minmay_temple_entry_junction
D:6:      lemuel_slime, layout_loops_ring
D:7:      layout_basic, elyvilon_altar_4, beargit_hepliaklqana_dungeon_heroes,
          nicolae_overflow_hidden_temple, trog_hazing_becter,
          minmay_misc_feat_plants
D:8:      layout_basic, chequers_temple_overflow_statue_of_worship,
          nicolae_ru_awakened_eye, hellmonk_ghost_big_iron,
          minmay_alternating_orb, uniq_maggie
D:9:      minmay_diamond_stairs, layout_basic, erik_lair_orcish_takeover,
          minivault_1
D:10:     layout_stronghold, kiku_gazebo_garden_becter, enter_bailey_8,
          ebering_ghost_xom, uniq_sonja, uniq_grum
Temple:   eino_wide_crystal_templ
Lair:1:   layout_chaotic_city, infiniplex_staircase_pool_2, grunt_megastairs_2,
          uniq_fannar, uniq_erica
Lair:2:   layout_misc_corridors, minmay_swamp_entry_worms,
          chequers_serial_rivers_room_a, uniq_amaemon

Skill      XL: |  1  2  3  4  5  6  7  8  9 10 11 12 |
---------------+-------------------------------------+-----
Spellcasting   | 4 5 6 7 |  7.7
Conjurations   | 2 3 4 5 6 |  6.6
Dodging        | 2 3 4 5 |  5.8
Poison Magic   | 1 2 4 5 6 7 |  7.2
Stealth        | 4 8 9 11 14 | 14.8
Evocations     | 1 2 |  2.4
Long Blades    | 1 2 3 |  3.1
Fighting       | 1 2 4 5 |  5.6
Maces & Flails | 1 4 5 6 7 |  7.6
Air Magic      | 1 2 3 4 |  4.2
Fire Magic     | 2 4 5 6 |  6.9
Armour         | 1 |  1.1
Summonings     | |  1.0
Translocations | |  1.5

Action                     |  1- 3 |  4- 6 |  7- 9 | 10-12 || total
---------------------------+-------+-------+-------+-------++-------
  Melee: Dagger            |    10 |    21 |       |       ||    31
         Long sword        |       |    57 |    53 |       ||   110
         Whip              |       |       |   154 |   624 ||   778
         Punch             |       |       |     2 |     9 ||    11
   Cast: Magic Dart        |    75 |   107 |   138 |    33 ||   353
         Mephitic Cloud    |       |     7 |    22 |    80 ||   109
         Blink             |       |       |     2 |     4 ||     6
         Cigotuvi's Dreadf |       |       |     1 |     3 ||     4
Ability: Spit Poison       |    12 |    21 |    25 |    24 ||    82
  Evoke: Wand              |       |     5 |    18 |    16 ||    39
    Use: Scroll            |       |       |     1 |     6 ||     7
         Potion            |       |       |     1 |     2 ||     3
   Stab: Sleeping          |     1 |       |     1 |     9 ||    11
         Confused          |       |     3 |    10 |    59 ||    72
         Paralysed         |       |       |    10 |    34 ||    44
 Armour: Robe              |     3 |    43 |   105 |   137 ||   288
         Leather armour    |       |       |       |    40 ||    40
  Dodge: Dodged            |    13 |    47 |   151 |   328 ||   539

Table legend: (Time is in decaauts)
 A = Elapsed time spent in this place.
 B = Non-inter-level travel time spent in this place.
 C = Inter-level travel time spent in this place.
 D = Time resting spent in this place.
 E = Time spent auto-exploring this place.
 F = Levels seen in this place.
 G = Mean time per level.
                   A        B        C        D        E       F      G
               +--------+--------+--------+--------+--------+-----+--------+
         Total |  17966 |  17503 |    463 |   1439 |  12347 |  14 | 1283.3 |
       Dungeon |  14281 |  13858 |    423 |    920 |   9997 |  10 | 1428.1 |
        Temple |     71 |     61 |     10 |      0 |     51 |   1 |   71.0 |
          Lair |   2818 |   2788 |     30 |    234 |   2002 |   2 | 1409.0 |
        Bailey |    795 |    795 |      0 |    285 |    296 |   1 |  795.0 |
               +--------+--------+--------+--------+--------+-----+--------+

Top non-repeatable levels by time:
     D:9: 2409 daAuts
     D:8: 2253 daAuts
     D:3: 2126 daAuts
  Lair:2: 1427 daAuts
  Lair:1: 1390 daAuts
     D:7: 1319 daAuts
     D:1: 1286 daAuts
     D:2: 1198 daAuts
     D:6: 1182 daAuts
     D:5: 1076 daAuts
     D:4: 995 daAuts
  Bailey: 795 daAuts
    D:10: 433 daAuts
  Temple: 71 daAuts
